 Dungeon Sprint DCSS version 0.19.4-10-g532645f (webtiles) character file.

83 equalderp2856 the Gouger (level 4, -3/23 HPs)
             Began as a Felid Fighter on Feb 25, 2017.
             Slain by a crocodile (19 damage)
             ... in the Dungeon (Sprint II: "The Violet Keep of Menkaure").
             The game lasted 00:00:31 (51 turns).

equalderp2856 the Gouger (Felid Fighter)              Turns: 51, Time: 00:00:31

Health: -3/23      AC:  1    Str: 13    XL:     4   Next: 22%
Magic:  5/5        EV: 22    Int: 10    God:
Gold:   0          SH:  0    Dex: 15    Spells: 0 memorised, 3 levels left
                                        Lives:  0   Deaths: 1

rFire  . . .     SeeInvis +       - Unarmed
rCold  . . .     Gourm    .     (armour unavailable)
rNeg   . . .     Faith    .     (shield unavailable)
rPois  .         Spirit   .     (helmet unavailable)
rElec  .         Reflect  .     (cloak unavailable)
rCorr  .         Harm     .     (gloves unavailable)
MR     .....     NoTele   +     (boots unavailable)
Stlth  ++........               (no amulet)
                                (no ring)
                                (no ring)

@: quick
A: no armour, no weapons or thrown items, stealth, claws 1, fangs 3, see
invisible, carnivore 3, speed 1, shaggy fur 1, slow metabolism 1, sharp paws
a: no special abilities


You were in the Dungeon.
You were not hungry.

You visited 1 branch

Inventory:

Scrolls
 h - a scroll of blinking
Potions
 a - a potion of might
 e - a potion of haste
 f - 2 potions of magic
 g - a potion of berserk rage
Comestibles
 b - a meat ration


   Skills:
 + Level 5.5 Fighting
 + Level 7.4 Dodging
 + Level 9.2 Unarmed Combat


You had 3 spell levels left.
You didn't know any spells.

Dungeon Overview and Level Annotations

Branches:
Dungeon (1/1)

Altars:


Innate Abilities, Weirdness & Mutations

You cannot wear armour.
You are incapable of wielding weapons or throwing items.
Your paws allow you to move quietly. (Stealth)
You have sharp claws.
You have razor-sharp teeth.
You have supernaturally acute eyesight. (SInv)
You are carnivorous and can eat meat at any time.
You cover ground quickly.
You are covered in fur. (AC +1)
You have a slow metabolism.
Your sharp claws are effective at attacking unaware monsters.


Message History

You die...
You are now level 4!
You rejoin the land of the living...
A crocodile comes into view.
The flying skull gives a hideous shriek! x4
You hear a hideous shriek! x5
You scratch the crocodile.
The crocodile is lightly wounded.
The crocodile misses you.
Something unseen opens the door.
You closely miss the crocodile.
The crocodile is lightly wounded.
The crocodile bites you!
You barely miss the crocodile.
The crocodile is lightly wounded.
The crocodile closely misses you.
You scratch the crocodile.
The crocodile is lightly wounded.
The crocodile bites you!!
Ouch! That really hurt!
You die... ####+ ##§z§§ ##.§.§. +...z§z ..§§z §zz

≈≈#+++#+++##
≈≈....nt@..#
≈≈≈.##'##..#
≈ ##.
.##.#### #..
..#....#
##.#n####..#
#n# ##..#
##†## ..#
+.<.+ ..#
##.## ...


You could see a crocodile, a necrophage and a flying skull.

Vanquished Creatures
  2 necrophages (D)
2 creatures vanquished.

Notes
Turn   | Place    | Note
-------+----------+-------------------------------------------
     0 | D        | equalderp2856 the Felid Fighter began the quest for the Orb.
     0 | D        | Reached XP level 1. HP: 10/10 MP: 2/2
     3 | D        | Noticed a necrophage
     3 | D        | Noticed a necrophage
     3 | D        | Noticed a necrophage
     3 | D        | Noticed a necrophage
    20 | D        | Killed a necrophage
    20 | D        | Reached skill level 7 in Unarmed Combat
    20 | D        | Reached XP level 2. HP: 2/15 MP: 3/3
    20 | D        | Reached XP level 3. HP: 2/18 MP: 4/4
    20 | D        | Reached XP level 4. HP: 3/22 MP: 5/5
    28 | D        | Killed a necrophage
    28 | D        | Reached skill level 5 in Fighting
    28 | D        | Reached skill level 9 in Unarmed Combat
    28 | D        | Reached XP level 5. HP: 8/25 MP: 6/6
    35 | D        | Slain by a necrophage
    36 | D        | Reached XP level 4. HP: -3/22 MP: 5/5
    41 | D        | Noticed a crocodile
    43 | D        | Noticed a flying skull
    44 | D        | Noticed a flying skull
    44 | D        | Noticed a flying skull
    44 | D        | Noticed a flying skull
    44 | D        | Noticed a flying skull
    44 | D        | Noticed a flying skull
    45 | D        | Noticed a flying skull
    51 | D        | Noticed a flying skull
    51 | D        | Slain by a crocodile

Skill      XL: |  1  2  3  4 |
---------------+-------------+-----
Fighting       | 4 5 |  5.5
Dodging        | 6 7 |  7.4
Unarmed Combat | 7 9 |  9.2

Action                   |  1- 3 |  4- 6 || total
-------------------------+-------+-------++-------
Melee: Unarmed           |    14 |    18 ||    32
       Bite              |     1 |       ||     1
  Use: Potion            |     1 |     1 ||     2
Dodge: Dodged            |     8 |     9 ||    17
